 Dungeon Crawl Stone Soup version 0.20-a0-640-g62ed22f (webtiles) character file.

49 Klosterheim the Gusty (level 3, -1/26 HPs)
             Began as a Draconian Air Elementalist on Feb 12, 2017.
             Slain by Sigmund
             ... wielding a +0 scythe
              (8 damage)
             ... on level 2 of the Dungeon.
             The game lasted 00:05:20 (1495 turns).

Klosterheim the Gusty (Draconian Air Elementalist)  Turns: 1495, Time: 00:05:21

Health: -1/26      AC:  5    Str:  8    XL:     3   Next: 53%
Magic:  4/6        EV: 12    Int: 18    God:
Gold:   50         SH:  0    Dex: 11    Spells: 5/6 levels left

rFire    . . .     SeeInvis .   (no weapon)
rCold    . . .     Gourm    .   (armour unavailable)
rNeg     . . .     Faith    .   (no shield)
rPois    .         Spirit   .   (helmet restricted)
rElec    .         Reflect  .   (no cloak)
rCorr    .         Harm     .   (no gloves)
MR       .....                  (no boots)
Stlth    ++........             (no amulet)
Regen    0.1/turn               (no ring)
MPRegen  0.1/turn               (no ring)

@: no status effects
A: unfitting armour, clever 1, weak 1, cold-blooded, AC +5
a: no special abilities


You were on level 2 of the Dungeon.
You were not hungry.

You visited 1 branch of the dungeon, and saw 2 of its levels.

You collected 50 gold pieces.

Inventory:

Jewellery
 c - an uncursed amulet of regeneration {unknown}
Scrolls
 d - a scroll of noise {unknown}
 f - 2 scrolls of teleportation {unknown}
Books
 a - a book of Air

   Spells                             Type                      Level
   a - Shock                          Conjuration/Air              1
   b - Swiftness                      Charms/Air                   2
   c - Static Discharge               Conjuration/Air              3
   d - Airstrike                      Air                          4
   e - Lightning Bolt                 Conjuration/Air              5
Comestibles
 b - 2 bread rations


   Skills:
 - Level 1.7 Dodging
 - Level 1.7 Stealth
 - Level 2.0 Spellcasting
 + Level 1.0 Conjurations
 * Level 4.6 Air Magic


You had 5 spell levels left.
You knew the following spells:

 Your Spells              Type           Power        Failure   Level  Hunger
a - Shock                 Conj/Air       ##..         8%          1    #......


Dungeon Overview and Level Annotations

Branches:
Dungeon (2/15)

Altars:
Trog

Annotations:
D:2 Sigmund


Innate Abilities, Weirdness & Mutations

Your plain brown scales are hard. (AC +5)
You cannot fit into any form of body armour.
You are cold-blooded and may be slowed by cold attacks.
Your mind is acute. (Int +2)
You are weak. (Str -2)


Message History

Okay, then.
Sigmund casts a spell at you.
You are confused.
Sigmund mumbles some strange words.
Sigmund flickers and vanishes!
Deactivating autopickup; reactivate with Ctrl-A.
Something hits you but does no damage.
You're too confused to move!
You feel less confused. Something hits you!
* * * LOW HITPOINT WARNING * * *
Casting: Shock
Confirm with . or Enter, or press ? or * to list all spells.
You can't see any susceptible monsters within range! (Use Z to cast anyway.) It was a potion of mutation.
You feel extremely strange.
You feel weaker.
You feel clever.
Sorry, you're not good enough to have a special ability.
Something hits you but does no damage.
You miss something.
Your tail-slap misses something.
Something hits you!
You die...

############
#..........#
##..........#######
..................#
##..............@.#
.#................#
.#.........########
.)...............
<#.#.............
.#.#.............
.#.#.............
##......#(.....(.
.................


There were no monsters in sight!

Vanquished Creatures
  Terence (D:2)
  A dart slug (D:1)
  A leopard gecko (D:1)
  2 giant cockroaches (D:2)
  2 goblins (D:1)
  3 hobgoblins (D:1)
  5 kobolds
  A quokka (D:2)
  A bat (D:2)
  A frilled lizard (D:1)
  3 rats
21 creatures vanquished.

Notes
Turn   | Place    | Note
-------+----------+-------------------------------------------
     0 | D:1      | Klosterheim the Draconian Air Elementalist began the quest for the Orb.
     0 | D:1      | Reached XP level 1. HP: 14/14 MP: 3/3
   304 | D:1      | Reached XP level 2. HP: 17/20 MP: 0/5
   830 | D:2      | Noticed Terence
  1060 | D:2      | Reached skill level 4 in Air Magic
  1067 | D:2      | Killed Terence
  1067 | D:2      | Reached XP level 3. HP: 15/26 MP: 0/6
  1216 | D:2      | Found a bloodstained altar of Trog.
  1223 | D:2      | Noticed Sigmund
  1493 | D:2      | Gained mutation: You are weak. (Str -2) [potion of mutation]
  1493 | D:2      | Gained mutation: Your mind is acute. (Int +2) [potion of mutation]
  1495 | D:2      | Slain by Sigmund

Vault maps used:
D:1:      zaba_arrival_water, minmay_splitting_lines
D:2:      lemuel_doored_altar, old_standard_altar, first_bread, uniq_terence,
          uniq_natasha, uniq_iyjb, uniq_sigmund

Skill      XL: |  1  2 |
---------------+-------+-----
Air Magic      | 4 |  4.6
Dodging        | |  1.7
Stealth        | |  1.7
Spellcasting   | |  2.0
Conjurations   | |  1.0

Action                   || total
-------------------------++-------
Melee: Unarmed           ||     8
       Tailslap          ||     1
 Cast: Shock             ||    56
  Use: Potion            ||     1
  Eat: Chunk             ||     3
Armor: Skin              ||    16
Dodge: Dodged            ||    48
